 Dungeon Crawl Stone Soup version 0.27.0-1-g7a089689b8 (webtiles) character file.

Game seed: 9877334457018433567

1203747 wakim the Conqueror (level 27, -24/273 HPs)
             Began as a Minotaur Berserker on Aug 2, 2021.
             Was the Champion of the Shining One.
             Killed from afar by an ancient champion (57 damage)
             ... with an iron shot
             ... on level 3 of the Tomb of the Ancients.
             The game lasted 06:41:31 (150245 turns).

wakim the Conqueror (Minotaur Berserker)          Turns: 150245, Time: 06:41:32

Health: -24/273    AC: 59    Str: 34    XL:     27
Magic:  17/35      EV: 22    Int:  6    God:    the Shining One [******]
Gold:   11646      SH: 61    Dex: 18    Spells: 26/26 levels left

rFire    + + .     SeeInvis .   a - +9 sacred scourge (holy)
rCold    + + +     Faith    .   o - +10 tower shield of Ignorance {rN+ Int-4}
rNeg     + + +     Spirit   .   V - +12 gold dragon scales
rPois    +         Reflect  +   h - +2 hat
rElec    +         Harm     .   i - +4 cloak of the Grue {rPois Dex+3 Stlth+}
rCorr    .         Rampage  .   B - +2 pair of gloves {archery}
Will     ++...     Clarity  +   z - +2 pair of boots
Stlth    ..........             l - amulet "Obuec" {Reflect rC++ rN+ Dex+2 SH+5}
HPRegen  0.55/turn              c - ring of Zebealah {*Slow rF+ rN+ Str+3}
MPRegen  0.24/turn              j - ring of Xom's Whimsicality {rElec AC+4 Int+3}

@: divinely shielded, marked, slowed, glowing, studying 2 skills, very slow
A: horns 2, retaliatory headbutt, clarity, cold resistance 1, low mp 1, strong
1, MP-powered wands
}: 9/15 runes: serpentine, barnacled, slimy, silver, iron, obsidian, icy, bone,
abyssal
a: Renounce Religion, Divine Shield, Cleansing Flame, Summon Divine Warrior


You were on level 3 of the Tomb of the Ancients.
You worshipped the Shining One.
The Shining One was exalted by your worship.
You visited 18 branches of the dungeon, and saw 89 of its levels.
You visited the Abyss 4 times.
You also visited: Trove and Gauntlet.

You collected 14774 gold pieces.
You spent 3128 gold pieces at shops.

Inventory:

Hand Weapons
 a - a +9 sacred scourge of holy wrath (weapon)
 e - a +9 eveningstar of electrocution
Missiles
 g - 102 boomerangs
 k - 15 javelins (quivered)
 m - 19 throwing nets {=f!f}
 n - 42 silver javelins
 G - 3 curare-tipped darts {=f}
Armour
 h - a +2 hat (worn)
 i - the +4 cloak of the Grue (worn) {rPois Dex+3 Stlth+}
   (You found it in a Gauntlet)

   Dex:       It affects your dexterity (+3).
   rPois:     It protects you from poison.
   Stlth:     It makes you more stealthy.
 o - the +10 tower shield of Ignorance (worn) {rN+ Int-4}
   (You took it off a deep elf death mage on level 5 of the Vaults)

   Int:       It affects your intelligence (-4).
   rN:        It protects you from negative energy.
 z - a +2 pair of boots (worn)
 B - a +2 pair of gloves of archery (worn)
 V - +12 gold dragon scales (worn)
Jewellery
 b - the ring of Rufeutaf {Fly rC++ rN+ Str-3 Int+2}
   (You found it on level 5 of the Pits of Slime)

   [ring of positive energy]

   Str:       It affects your strength (-3).
   Int:       It affects your intelligence (+2).
   rC:        It greatly protects you from cold.
   rN:        It protects you from negative energy.
   Fly:       It grants you flight.
 c - the ring of Zebealah (left hand) {*Slow rF+ rN+ Str+3}
   (You found it on level 3 of the Crypt)

   [ring of protection from fire]

   Str:       It affects your strength (+3).
   rF:        It protects you from fire.
   rN:        It protects you from negative energy.
   *Slow:     It may slow you when you take damage.
 f - a ring of protection from fire
 j - the ring of Xom's Whimsicality (right hand) {rElec AC+4 Int+3}
   (You found it in a Gauntlet)

   [ring of protection]

   AC:        It affects your AC (+4).
   Int:       It affects your intelligence (+3).
   rElec:     It insulates you from electricity.
 l - the amulet "Obuec" (around neck) {Reflect rC++ rN+ Dex+2 SH+5}
   (You took it off a death knight on level 15 of the Dungeon)

   [amulet of reflection]

   It reflects blocked missile attacks.
   Dex:       It affects your dexterity (+2).
   rC:        It greatly protects you from cold.
   rN:        It protects you from negative energy.
   SH:        It affects your SH (+5).
 q - the ring of Bialaits {rPois rC+++ rCorr Str-5 SInv}
   (You took it off a minotaur in a Gauntlet)

   [ring of resist corrosion]

   Str:       It affects your strength (-5).
   rC:        It renders you almost immune to cold.
   rPois:     It protects you from poison.
   SInv:      It lets you see invisible.
   rCorr:     It protects you from acid and corrosion.
 I - the ring of the Salamander {Fly Int+4}
   (You found it on level 7 of Cocytus)

   [ring of flight]

   Int:       It affects your intelligence (+4).
   Fly:       It grants you flight.
 P - the ring "Forget-Me-Not" {rF+ rC+ SInv}
   (You found it on level 4 of the Vaults)

   [ring of protection from cold]

   rF:        It protects you from fire.
   rC:        It protects you from cold.
   SInv:      It lets you see invisible.
Wands
 d - a wand of acid (49)
 t - a wand of digging (22)
 u - a wand of mindburst (113)
 x - a wand of iceblast (63)
 y - a wand of paralysis (27)
Scrolls
 p - 5 scrolls of enchant weapon
 r - 4 scrolls of identify
 Q - a scroll of brand weapon
 R - 7 scrolls of magic mapping {!r}
 S - 3 scrolls of summoning
 T - 20 scrolls of teleportation
 U - 12 scrolls of fear
 W - 4 scrolls of holy word
 X - 6 scrolls of fog
 Y - 2 scrolls of blinking {!r}
 Z - 4 scrolls of silence {!r}
Potions
 A - 3 potions of ambrosia
 C - 5 potions of berserk rage {!q}
 D - a potion of brilliance
 E - 7 potions of cancellation
 F - 34 potions of curing
 H - 2 potions of haste
 J - 3 potions of heal wounds
 K - 4 potions of magic
 L - 6 potions of lignification {!q}
 M - 6 potions of mutation {!q}
 N - 5 potions of might
 O - 4 potions of resistance
Miscellaneous
 s - a tin of tremorstones (2/2)
 v - a lightning rod (4/4)
 w - a phial of floods


   Skills:
 O Level 27 Fighting
 O Level 27 Maces & Flails
 - Level 5.3 Bows
 - Level 16.1 Crossbows
 - Level 22.0 Throwing
 O Level 27 Armour
 O Level 27 Dodging
 O Level 27 Shields
 O Level 27 Invocations
 + Level 25.1 Evocations


You had 26 spell levels left.
You didn't know any spells.
Your spell library contained the following spells:

 Spells                   Type           Power      Damage    Failure   Level
 Freeze                   Ice            0%         1d3       91%         1
 Magic Dart               Conj           0%         1d3       91%         1
 Passwall                 Tmut/Erth      0%         N/A       97%         2
 Searing Ray              Conj           0%         3d3       97%         2
 Static Discharge         Conj/Air       0%         N/A       97%         2
 Sublimation of Blood     Necr           0%         N/A       97%         2
 Call Canine Familiar     Summ           0%         N/A       100%        3
 Conjure Flame            Conj/Fire      0%         6-21      100%        3
 Frozen Ramparts          Ice            0%         1d2       100%        3
 Ignite Poison            Fire/Tmut/Pois 0%         N/A       100%        3
 Ozocubu's Armour         Ice            0%         N/A       100%        3
 Portal Projectile        Hex/Tloc       0%         N/A       100%        3
 Swiftness                Air            0%         N/A       100%        3
 Fulminant Prism          Conj/Hex       0%         3d6       100%        4
 Hailstorm                Conj/Ice       0%         3d3       100%        4
 Ice Form                 Ice/Tmut       0%         N/A       100%        4
 Iskenderun's Mystic Bla  Conj/Tloc      0%         2d3       100%        4
 Leda's Liquefaction      Hex/Erth       0%         N/A       100%        4
 Passage of Golubria      Tloc           N/A        N/A       100%        4
 Petrify                  Tmut/Erth      0%         N/A       100%        4
 Sticky Flame             Conj/Fire      0%         2d3       100%        4
 Blade Hands              Tmut           0%         N/A       100%        5
 Excruciating Wounds      Necr           0%         N/A       100%        5
 Irradiate                Conj/Tmut      0%         3d14      100%        5
 Lee's Rapid Deconstruct  Erth           0%         3d5*      100%        5
 Metabolic Englaciation   Hex/Ice        0%         N/A       100%        5
 Silence                  Hex/Air        0%         N/A       100%        5
 Summon Forest            Summ/Tloc      0%         N/A       100%        5
 Summon Mana Viper        Hex/Summ       0%         N/A       100%        5
 Yara's Violent Unravell  Hex/Tmut       0%         3d3       100%        5
 Invisibility             Hex            0%         N/A       100%        6
 Shadow Creatures         Summ           N/A        N/A       100%        6
 Simulacrum               Ice/Necr       0%         N/A       100%        6
 Ozocubu's Refrigeration  Ice            0%         4d5       100%        7
 Lehudib's Crystal Spear  Conj/Erth      0%         10d2      100%        8


Dungeon Overview and Level Annotations

Branches:
Dungeon (15/15)            Temple (1/1) D:7            Lair (6/6) D:11
 Shoals (4/4) Lair:4        Snake (4/4) Lair:3        Slime (5/5) Lair:5
    Orc (2/2) D:11            Elf (3/3) Orc:2        Vaults (5/5) D:13
  Crypt (3/3) Vaults:2       Tomb (3/3) Crypt:3      Depths (5/5) D:15
   Hell (visited)             Dis (7/7) Hell            Geh (7/7) Hell
    Coc (7/7) Hell            Tar (7/7) Hell            Zot (5/5) Depths:5
Gauntlet (visited)

Altars:
Ashenzari
Cheibriados
Dithmenos
Elyvilon
Fedhas
Gozag
Hepliaklqana
Kikubaaqudgha
Makhleb
Nemelex Xobeh
Okawaru
Qazlal
Ru
Sif Muna
Trog
Uskayaw
Vehumet
Wu Jian
Xom
Yredelemnul
Zin
The Shining One
Beogh
Jiyva
Lugonu

Shops:
D:7 *   D:9 *   D:10 :   D:11 *   Orc:2 ?[[:   Elf:1 [   Shoals:3 (
Shoals:4 *   Snake:1 !   Snake:4 !(:   Vaults:4 [   Depths:2 =   Depths:5 (?

Portals:
Hell: Depths:1 Depths:2 Depths:3 Depths:4 Depths:5
Abyss: Depths:1 Depths:4 Depths:5
Pandemonium: Depths:3
Ziggurat: Depths:1


Innate Abilities, Weirdness & Mutations

You have a pair of horns on your head.
You reflexively headbutt those who attack you in melee.
You possess an exceptional clarity of mind.
Your flesh is cold resistant. (rC+)
Your magical capacity is low. (-10% MP)
Your muscles are strong. (Str +2)
You expend magic power (3 MP) to strengthen your wands.


Message History

The golden flame engulfs the ancient champion!!!
The ancient champion writhes in agony!
The ancient champion is severely damaged.
The golden flame engulfs the guardian mummy!!!!
The guardian mummy writhes in agony!
You destroy the guardian mummy!
The Shining One accepts your kill.
You feel better.
You feel your power returning.
The golden flame engulfs the guardian mummy!!!!
The guardian mummy writhes in agony!
You destroy the guardian mummy!
The Shining One accepts your kill.
You feel better.
You feel your power returning.
You feel extremely nervous for a moment...
You are engulfed in negative energy!
You resist.
You feel extremely nervous for a moment...
Your skin prickles.
You block the ancient champion's attack.
The ancient champion casts a spell.
The ancient champion seems to speed up.
You block the ancient champion's attack.
A guardian mummy comes into view.
Unknown command.
The golden flame engulfs you but does no damage.
You resist.
The golden flame engulfs the ancient champion!
The ancient champion writhes in agony!
The ancient champion is severely damaged.
The golden flame engulfs the guardian mummy!!!!
The guardian mummy writhes in agony!
You destroy the guardian mummy!
The Shining One accepts your kill.
You feel better.
You feel your power returning.
You feel extremely nervous for a moment...
Your body is wracked with pain!
* * * LOW HITPOINT WARNING * * *
You block the ancient champion's attack.
The ancient champion points at you and mumbles some strange words.
The iron shot hits you!!!
You die...

######## ####### #......#
##=.$$|## #......###...$$})##
#...^..##....)B)))##
#..^.).##.....$$|))##
$$$$$[....#.../^@#....††)$=}}=##
$$$$$(...^#.....z#......$$$::[)##
$)$$?$....'......'.......)}[|§|)#
$$$$$.....#.....z#.......?$$=§"))
$$$$...!.[#.....M#..^...(($$$$$))
)$.......##.....M##..ss.^...$$$$:
......M3M##.....!##....B.^...$(?$
....ss.†# .......M##...M......$.$
....^†<## ........M##<^BB.......#


You could see 2 ancient champions, 2 guardian mummies and a mummy.

Vanquished Creatures
  Asmodeus (Geh:7)
  Antaeus (Coc:7)
  the Royal Jelly (Slime:5)
  Ereshkigal (Tar:7)
  The ghost of reasonance the Conqueror, a legendary DsFi of Jiyva (Zot:2)
  6 dread liches
  Dispater (Dis:7)
  3 ancient liches (Zot:5)
  7 orbs of fire
  Mara (Vaults:3)
  28 royal mummies
  Sojobo (Tomb:3)
  31 shard shrikes
  Bai Suzhen (Depths:1)
  Margery (Vaults:3)
  3 Killer Klowns (Zot:5)
  6 caustic shrikes
  Geryon (Hell)
  2 curse toes
  11 golden dragons
  Jory (Crypt:3)
  2 profane servitors
  32 bone dragons
  8 doom hounds
  14 Brimstone Fiends
  3 electric golems
  36 Tzitzimimeh
  26 tentacled monstrosities
  6 iron giants (Dis:7)
  25 Orb Guardians (Zot:5)
  7 Hell Sentinels
  A hellephant (Abyss:1)
  11 liches
  13 Ice Fiends
  A deep elf blademaster (Elf:3)
  2 deep elf master archers (Elf:3)
  19 acid blobs
  A quicksilver dragon (shapeshifter) (Depths:5)
  23 ancient champions
  Asterion (Vaults:1)
  6 quicksilver dragons
  4 titans
  A kraken (Shoals:3)
  10 death cobs
  10 sphinxes
  3 Executioners
  The ghost of Ubraesch the Brawler, an adept TrMo of Nemelex Xobeh (Depths:3)
  11 tentacled starspawn
  13 storm dragons
  23 shadow dragons
  Agnes (D:15)
  The ghost of MoonlitKnight the Apostle, an adept HOFi of Beogh (Snake:2)
  13 draconian monks
  5 tengu reavers
  18 rockslimes
  8 revenants
  6 azure jellies
  Roxanne (Shoals:1)
  6 nagarajas
  2 daevas
  10 fire giants
  8 draconian knights
  11 iron dragons
  11 deep elf sorcerers
  3 orc warlords
  7 frost giants
  5 draconian stormcallers
  Aizul (Crypt:1)
  13 draconian scorchers
  A ghost moth (Zot:4)
  Louise (D:14)
  An angel (Abyss:3)
  4 spriggan defenders
  11 vault wardens
  8 deep elf elementalists
  7 draconian annihilators
  7 cacodemons
  15 balrugs
  4 draconian shifters
  3 war gargoyles
  4 ghouls
  14 quicksilver oozes
  15 ironbound preservers
  80 reapers
  An ophan (Abyss:3)
  14 bennus
  44 stone giants
  The ghost of Epsin the Fighter, a journeyman MiFi of Okawaru (D:15)
  19 black draconians
  6 elemental wellsprings
  17 green draconians
  42 very ugly things
  18 vampire knights
  7 deep elf demonologists
  2 lorocyprocas
  16 purple draconians
  8 deep elf annihilators
  7 spark wasps
  12 yellow draconians
  10 red draconians
  3 dire elephants
  2 minotaurs
  19 ettins
  17 white draconians
  6 green deaths
  2 crystal guardians (Vaults:4)
  13 deep elf death magi
  6 eidola
  33 jiangshi
  12 blizzard demons
  19 mummy priests
  14 merfolk impalers
  16 great orbs of eyes
  5 merfolk javelineers
  The ghost of Kuidesed the Thaumaturge, a journeyman DrCj of Vehumet (Lair:1)
  12 fire dragons
  Josephine (Shoals:1)
  12 quicksilver dragon zombies
  Fannar (D:10)
  6 deep elf high priests
  8 quicksilver dragon skeletons
  5 ironbound thunderhulks
  25 naga warriors
  27 vault guards
  3 salamander tyrants (Snake:4)
  6 rakshasas
  27 ice dragons
  5 ghost crabs
  2 peacekeepers (Vaults:4)
  4 merfolk avatars
  4 alligator snapping turtles
  5 hell beasts
  8 yaktaur captains
  8 hydras
  5 spriggan air magi
  5 boulder beetles
  3 ogre magi
  10 ironbound frosthearts
  8 anacondas
  10 centaur warriors
  2 merfolk aquamancers (Shoals:4)
  32 dancing weapons
  57 death scarabs
  A satyr (Shoals:3)
  12 two-headed ogres
  13 death knights
  A catoblepas (Lair:6)
  8 deep troll shamans
  20 death yaks
  20 vampire magi
  3 ironbound beastmasters
  4 spriggan berserkers
  7 deep troll earth magi
  10 tengu warriors
  7 titan zombies
  6 orc high priests
  5 shock serpents
  4 iron golems (Hell)
  34 hell hogs
  20 naga sharpshooters
  A spectral storm dragon (Crypt:3)
  13 soul eaters
  A shock serpent (shapeshifter) (Vaults:5)
  77 hell knights
  33 thrashing horrors
  4 spriggans
  8 titan skeletons
  14 deep elf knights
  219 skeletal warriors
  5 shadow wraiths
  7 storm dragon zombies
  10 storm dragon skeletons
  16 sun demons
  A quicksilver dragon simulacrum (Tomb:3)
  5 salamander mystics
  7 sixfirhies
  Nergalle (D:10)
  21 iron trolls
  25 sea snakes
  5 spatial maelstroms
  A fire crab (Gauntlet)
  71 deep trolls
  A sea snake (shapeshifter) (Vaults:5)
  57 starcursed masses
  A kraken simulacrum (Shoals:4)
  17 flayed ghosts
  21 wretched stars
  6 death drakes
  6 golden dragon zombies
  12 deep elf archers
  An obsidian statue (Tomb:1)
  8 shadow demons
  4 ghost moth zombies
  16 wizards
  10 naga ritualists
  5 shadow dragon zombies
  11 glowing orange brains
  5 golden dragon skeletons
  16 anaconda zombies
  6 bog bodies
  8 lindwurms
  A sphinx zombie (Crypt:1)
  11 anaconda skeletons
  Pikel (D:4)
  2 wolf spider zombies
  26 deep elf zephyrmancers
  17 ironbound convokers
  32 phantasmal warriors
  35 deep elf pyromancers
  26 harpies
  7 shadow dragon skeletons
  12 mana vipers
  31 necromancers
  18 orc knights
  A draconian zombie (Zot:1)
  The ghost of DevastatorOne the Cleaver, a novice DgSu (D:6)
  11 orc sorcerers
  3 oklob plants
  2 wolf spiders
  2 tengu skeletons
  63 ugly things
  10 iron dragon zombies
  17 fire giant zombies
  13 fauns
  29 cyclopes
  2 fauns (shapeshifter)
  A shining eye (shapeshifter) (D:15)
  14 stone giant zombies
  15 moths of wrath
  8 shining eyes
  23 manticores
  An elephant (shapeshifter) (Abyss:3)
  An eleionoma skeleton (Crypt:2)
  A manticore (shapeshifter) (D:15)
  11 frost giant zombies
  10 merfolk sirens
  7 iron dragon skeletons
  10 dire elephant zombies
  8 salamanders
  29 naga magi
  38 rust devils
  16 vault sentinels
  35 black mambas
  A water nymph (shapeshifter) (Elf:2)
  A shock serpent zombie (Dis:1)
  3 eyes of devastation
  6 elephants
  3 worldbinders
  4 guardian serpents
  14 stone giant skeletons
  A titan simulacrum (Tar:6)
  12 fire giant skeletons
  11 frost giant skeletons
  An ice statue (Coc:7)
  3 water nymphs
  A cane toad (shapeshifter) (Abyss:2)
  12 molten gargoyles
  A torpor snail (shapeshifter) (D:15)
  A sea snake zombie (Hell)
  13 cane toads
  5 torpor snails (Lair:6)
  An eye of devastation (shapeshifter) (D:15)
  A yaktaur zombie (Vaults:1)
  32 smoke demons
  3 apocalypse crabs
  8 orange demons
  A centaur skeleton (D:15)
  5 gargoyles
  7 shock serpent skeletons
  A minotaur zombie (Geh:3)
  A kobold demonologist (Abyss:3)
  10 komodo dragons
  4 rime drakes
  Psyche (D:8)
  44 hellions
  10 dire elephant skeletons
  2 unseen horrors
  An iron troll zombie (Crypt:2)
  A redback zombie (D:15)
  38 yaktaurs
  An anaconda simulacrum (Coc:2)
  41 tormentors
  2 emperor scorpion zombies
  A hellwing (Abyss:4)
  2 demonic crawlers
  49 freezing wraiths
  2 catoblepas skeletons
  A golden dragon simulacrum (Tomb:1)
  A green draconian skeleton (Crypt:1)
  8 tengu conjurers
  5 efreet
  A sea snake skeleton (Hell)
  26 hydra zombies
  A troll (shapeshifter) (Elf:2)
  7 harpy zombies
  41 ice devils
  A purple draconian skeleton (Crypt:2)
  19 ancient zymes
  37 guardian mummies
  31 red devils
  12 wind drakes
  2 human skeletons
  9 trolls
  20 blink frogs
  14 polar bears
  25 merfolk
  8 silent spectres
  4 tyrant leeches (Lair:6)
  A wind drake (shapeshifter) (Elf:2)
  17 hydra skeletons
  10 alligator zombies
  A raiju (shapeshifter) (Vaults:5)
  A blink frog (shapeshifter) (D:13)
  102 slime creatures
  2 frost giant simulacra
  6 ettin zombies
  4 harpy skeletons
  6 ice dragon zombies
  13 hornets
  A slime creature (shapeshifter) (Vaults:5)
  38 raiju
  30 dream sheep
  8 fire dragon zombies
  6 snapping turtles
  12 ettin skeletons
  210 flying skulls
  2 human simulacra (Vaults:1)
  5 air elementals
  5 alligator skeletons
  2 black mamba zombies
  11 ynoxinuls
  Sigmund (D:2)
  7 ice dragon skeletons
  46 shadows
  A spriggan (shapeshifter) (D:15)
  6 fire dragon skeletons
  An elf skeleton (Vaults:3)
  13 water elementals
  23 fire elementals
  A black mamba skeleton (Geh:1)
  A tyrant leech zombie (Crypt:1)
  A dire elephant simulacrum (Crypt:3)
  4 wyverns
  8 golden eyes
  8 ushabtiu
  57 wraiths
  47 yaks
  2 vampires
  A steam dragon (D:10)
  7 neqoxecs
  A golden eye (shapeshifter) (Vaults:4)
  44 large abominations
  A basilisk (Lair:6)
  7 chaos spawn
  11 fire bats
  An infernal demonspawn zombie (Crypt:2)
  A naga (shapeshifter) (Elf:3)
  9 spatial vortices
  57 nagas
  9 wargs
  19 cane toad zombies
  2 hydra simulacra
  5 acid dragons
  11 water moccasins
  134 hell hounds
  2 merfolk skeletons
  An infernal demonspawn skeleton (Tar:3)
  7 snapping turtle zombies
  A floating eye (Depths:2)
  A hornet zombie (D:9)
  11 ice beasts
  37 orc warriors
  2 manticore zombies
  A sky beast (D:4)
  3 swamp dragon zombies
  38 necrophages
  6 cane toad skeletons
  An ogre (shapeshifter) (Abyss:3)
  8 black bears
  A black bear (shapeshifter) (Abyss:4)
  15 centaurs
  2 ettin simulacra
  15 phantoms
  24 ogres
  A rime drake zombie (Crypt:1)
  5 snapping turtle skeletons
  39 small abominations
  2 swamp dragon skeletons
  A manticore skeleton (Geh:7)
  A lemure (D:4)
  An elf zombie (Dis:2)
  4 human zombies
  A kobold brigand (D:6)
  9 bullfrogs
  An earth elemental (Abyss:3)
  2 gnoll sergeants
  2 cane toad simulacra
  A troll zombie (D:11)
  A water moccasin skeleton (D:6)
  A polar bear zombie (Crypt:1)
  8 killer bees
  A spriggan skeleton (Crypt:1)
  2 spriggan zombies
  A snapping turtle simulacrum (Tar:3)
  99 wights
  A troll skeleton (Tar:2)
  10 electric eels
  9 howler monkeys
  A wolf zombie (Crypt:1)
  The ghost of RandomHacker the Conjurer, a weakling DECj (D:3)
  6 centaur zombies
  11 crimson imps
  A bullfrog zombie (D:5)
  8 quasits
  A basilisk zombie (Crypt:2)
  21 orc priests
  A bullfrog skeleton (D:5)
  35 iron imps
  2 iguanas
  5 lightning spires (Abyss:4)
  38 orc wizards
  4 hell rats (Lair:5)
  A killer bee zombie (D:8)
  3 tengu zombies
  A naga zombie (Tar:2)
  7 ogre zombies (D:11)
  3 ogre skeletons
  A naga skeleton (Tar:6)
  4 hound skeletons
  47 mummies
  10 gnolls (D:4)
  A howler monkey zombie (D:8)
  8 adders
  18 shadow imps
  18 white imps
  An ufetubus (Abyss:3)
  4 adder skeletons
  A worm (D:3)
  4 dart slugs
  68 orcs
  7 bats
  7 endoplasms
  2 giant cockroaches
  7 goblins
  4 hobgoblins
  6 jackals
  9 kobolds
  6 quokkas
  10 ball pythons
  2 frilled lizards
  A goblin skeleton (D:11)
  4 goblin zombies (D:11)
  2 hobgoblin skeletons (D:11)
  3 hobgoblin zombies (D:11)
  A kobold zombie (Crypt:1)
  3 orc skeletons
  14 orc zombies
  8 rats
  A butterfly (Lair:3)
  6 starspawn tentacles
  5 tentacles
5449 creatures vanquished.

Vanquished Creatures (collateral kills)
  An ironbound preserver (Vaults:4)
  A reaper (Coc:7)
  A naga warrior (Snake:4)
  A vault guard (Vaults:5)
  2 necromancers
  A manticore (Lair:6)
  A salamander (Snake:4)
  2 freezing wraiths (D:13)
  2 yaktaurs (Vaults:4)
  A rime drake (Lair:6)
  A human skeleton (Vaults:4)
  A hornet (Lair:6)
  2 water elementals (Shoals:4)
  A cane toad zombie (Coc:7)
  A human zombie (Vaults:4)
  An orc priest (Orc:1)
  2 orcs (Orc:1)
22 creatures vanquished.

Vanquished Creatures (others)
  A lich (Abyss:3)
  2 tentacled starspawn (Abyss:3)
  A draconian knight (Zot:1)
  A purple draconian (Depths:5)
  A mummy priest (Tomb:1)
  6 death scarabs (Tomb:3)
  A hell hog (Geh:7)
  A deep elf knight (Elf:2)
  A bog body (Crypt:1)
  A large abomination (Abyss:3)
  A black mamba (Snake:4)
  An ice devil (Dis:7)
  A hydra zombie (Geh:7)
  A flying skull (Abyss:4)
  A redback (shapeshifter) (Abyss:3)
  2 wraiths
  A water elemental (Elf:3)
  2 golden eyes (Abyss:4)
  A chaos spawn (Abyss:3)
  2 nagas
  A swamp dragon skeleton (Geh:7)
  2 wights
  2 orc wizards (Orc:2)
  A mummy (Tomb:3)
  A white imp (Coc:7)
  58 fungi
  A lurking horror (Abyss:4)
  213 plants
  38 starspawn tentacles
  6 tentacles
352 creatures vanquished.

Grand Total: 5823 creatures vanquished

Notes
Turn   | Place    | Note
-------+----------+-------------------------------------------
     0 | D:1      | wakim the Minotaur Berserker began the quest for the Orb.
     0 | D:1      | Reached XP level 1. HP: 19/19 MP: 0/0
   271 | D:1      | Found a faded altar of an unknown god.
   305 | D:1      | Reached XP level 2. HP: 16/27 MP: 1/1
  1280 | D:2      | Reached XP level 3. HP: 33/33 MP: 2/2
  1282 | D:2      | Noticed Sigmund
  1308 | D:2      | Killed Sigmund
  1308 | D:2      | Reached ** piety under Trog
  1309 | D:2      | Reached skill level 5 in Maces & Flails
  1309 | D:2      | Reached XP level 4. HP: 20/41 MP: 3/3
  1309 | D:2      | Reached XP level 5. HP: 23/47 MP: 4/4
  2443 | D:3      | Found a large runed translucent door.
  2443 | D:3      | Found a large runed translucent door.
  2445 | D:3      | Noticed RandomHacker's ghost (weakling DECj)
  2647 | D:3      | Killed RandomHacker's ghost
  2699 | D:3      | Identified the +0 leather armour "Papsops" {Str+4 Slay+2}
  2863 | D:4      | Reached XP level 6. HP: 54/55 MP: 5/5
  2866 | D:4      | Noticed a sky beast
  2876 | D:4      | Killed a sky beast
  2877 | D:4      | Reached skill level 5 in Fighting
  2935 | D:4      | Noticed Pikel
  2947 | D:4      | Paralysed by Pikel for 4 turns
  2961 | D:4      | Killed Pikel
  2962 | D:4      | Reached skill level 5 in Armour
  2962 | D:4      | Reached XP level 7. HP: 62/62 MP: 6/6
  3392 | D:4      | Reached *** piety under Trog
  3654 | D:4      | Reached skill level 5 in Dodging
  3654 | D:4      | Reached XP level 8. HP: 67/70 MP: 7/7
  4349 | D:4      | Identified a scroll of acquirement
  4349 | D:4      | Acquired the ring "Istur" {rC+ Str+6}
  4356 | D:5      | Entered Level 5 of the Dungeon
  4788 | D:5      | Reached XP level 9. HP: 79/79 MP: 8/8
  5339 | D:6      | Reached **** piety under Trog
  5383 | D:6      | Noticed a troll
  5395 | D:6      | Killed a troll
  5436 | D:6      | Reached skill level 10 in Maces & Flails
  5671 | D:6      | Found a transporter.
  5675 | D:6      | Noticed DevastatorOne's ghost (novice DgSu)
  5678 | D:6      | Found a transporter.
  6075 | D:6      | Killed DevastatorOne's ghost
  6076 | D:6      | Reached XP level 10. HP: 90/90 MP: 7/9
  6117 | D:7      | Found a staircase to the Ecumenical Temple.
  6263 | D:7      | Found Mongav's Overcharged Wands.
  6770 | D:7      | Reached skill level 1 in Evocations
  7272 | D:8      | Noticed a boulder beetle
  7285 | D:8      | Killed a boulder beetle
  7911 | D:8      | Found a sacrificial altar of Ru.
  8073 | D:8      | Noticed Psyche
  8086 | D:8      | Killed Psyche
  8415 | D:9      | Found Yrecreos's General Store.
  8431 | D:9      | Reached ***** piety under Trog
  9800 | D:10     | Entered Level 10 of the Dungeon
  9878 | D:10     | Reached XP level 11. HP: 99/99 MP: 8/10
 10245 | D:10     | Found Wogiphaet's Book Shoppe.
 10432 | D:10     | Paralysed by a hornet for 2 turns
 10503 | D:10     | Noticed Fannar
 10512 | D:10     | Killed Fannar
 10588 | D:10     | Noticed Nergalle
 10602 | D:10     | Killed Nergalle
 10603 | D:10     | Reached skill level 1 in Throwing
 11039 | D:11     | Found a hide-covered altar of Uskayaw.
 11082 | D:11     | Found Etium's Assorted Antiques.
 11095 | D:11     | Bought a scroll labelled ORUINE RI EKK for 36 gold pieces
 11240 | D:11     | Reached skill level 10 in Fighting
 11269 | D:11     | Found a staircase to the Orcish Mines.
 11273 | D:11     | Received a gift from Trog
 11618 | D:11     | Noticed a six-headed hydra
 11627 | D:11     | Killed a six-headed hydra
 11631 | D:11     | Found a staircase to the Lair.
 11859 | D:11     | Noticed a centaur warrior
 11875 | D:11     | Killed a centaur warrior
 12269 | D:11     | Noticed a two-headed ogre
 12277 | D:11     | Killed a two-headed ogre
 12278 | D:11     | Reached skill level 1 in Bows
 12278 | D:11     | Reached skill level 10 in Armour
 12536 | Lair:1   | Entered Level 1 of the Lair of Beasts
 12720 | Lair:1   | Reached XP level 12. HP: 71/107 MP: 8/11
 12908 | Lair:1   | Noticed a seven-headed hydra
 12922 | Lair:1   | Killed a seven-headed hydra
 12992 | Lair:1   | Found a runed translucent gate.
 12992 | Lair:1   | Found a runed translucent gate.
 12994 | Lair:1   | Found a runed translucent gate.
 13056 | Lair:1   | Noticed Kuidesed's ghost (journeyman DrCj)
 13249 | Lair:1   | Found a stormy altar of Qazlal.
 13421 | Lair:1   | Reached skill level 5 in Evocations
 14242 | Lair:1   | Killed Kuidesed's ghost
 14514 | Lair:2   | Reached skill level 5 in Throwing
 14871 | Lair:2   | Reached skill level 5 in Bows
 14983 | Lair:2   | Received a gift from Trog
 15862 | Lair:3   | Reached skill level 1 in Crossbows
 16027 | Lair:3   | You fall into a shaft and drop 1 floor!
 16028 | Lair:4   | Noticed a death yak
 16028 | Lair:4   | Noticed a death yak
 16028 | Lair:4   | Noticed a death yak
 16029 | Lair:4   | Noticed a death yak
 16029 | Lair:4   | Noticed a death yak
 16031 | Lair:4   | Noticed a death yak
 16045 | Lair:4   | Killed a death yak
 16046 | Lair:4   | Reached skill level 10 in Dodging
 16047 | Lair:4   | Killed a death yak
 16055 | Lair:4   | Killed a death yak
 16061 | Lair:4   | Killed a death yak
 16066 | Lair:4   | Reached XP level 13. HP: 90/116 MP: 7/12
 16576 | Lair:4   | Found a staircase to the Shoals.
 16837 | Lair:3   | Found a staircase to the Snake Pit.
 17040 | Lair:3   | Reached skill level 5 in Crossbows
 21092 | Lair:5   | Found a viscous altar of Jiyva.
 21094 | Lair:5   | Found a staircase to the Slime Pits.
 21158 | Lair:5   | Reached XP level 14. HP: 127/127 MP: 13/13
 21721 | Lair:5   | You fall into a shaft and drop 1 floor!
 21721 | Lair:6   | Entered Level 6 of the Lair of Beasts
 22744 | Lair:6   | HP: 6/129 [poisoned by a cane toad]
 23195 | Lair:6   | Reached skill level 10 in Crossbows
 23363 | Lair:6   | Found a runed translucent door.
 24625 | Lair:6   | Paralysed by a hornet for 2 turns
 24636 | Lair:6   | Paralysed by a hornet for 2 turns
 25186 | Lair:6   | Identified the +6 quarterstaff of Death {chaos, rF+ Dex+7}
 27003 | D:12     | Reached XP level 15. HP: 122/137 MP: 11/14
 27906 | D:12     | Received a gift from Trog
 29529 | D:13     | Found a gate to the Vaults.
 31276 | D:14     | Noticed Louise
 31307 | D:14     | Killed Louise
 31583 | D:14     | Found a gate leading to a gauntlet.
 31592 | Gauntlet | Entered a Gauntlet
 31592 | Gauntlet | Found a transporter.
 31778 | Gauntlet | Found a transporter.
 31787 | Gauntlet | Found the amulet of the Four Winds {rN+ Will+++ Clar}
 31793 | Gauntlet | Found a transporter.
 31798 | Gauntlet | Found a transporter.
 31813 | Gauntlet | Found a transporter.
 31832 | Gauntlet | Found a transporter.
 31844 | Gauntlet | Found a transporter.
 31850 | Gauntlet | Found a transporter.
 31864 | Gauntlet | Found the +8 Vampire's Tooth {vamp}
 31865 | Gauntlet | Found a transporter.
 31871 | Gauntlet | Found a transporter.
 31887 | Gauntlet | Found a transporter.
 31899 | Gauntlet | Found a transporter.
 31905 | Gauntlet | Found a transporter.
 31905 | Gauntlet | Found a transporter.
 31944 | Gauntlet | Found a transporter.
 31969 | Gauntlet | Found a transporter.
 31971 | Gauntlet | Found a transporter.
 32001 | Gauntlet | Found a transporter.
 32097 | Gauntlet | Noticed a storm dragon
 32097 | Gauntlet | an eleionoma changed into a storm dragon
 32100 | Gauntlet | Noticed an azure jelly
 32100 | Gauntlet | a storm dragon changed into an azure jelly
 32206 | Gauntlet | Noticed a golden dragon
 32239 | Gauntlet | Identified the +4 cloak of the Grue {rPois Dex+3 Stlth+}
 32369 | Gauntlet | Identified the amulet of the Tarantula {Acrobat Drain rF++
                  | rC+ Will+}
 32384 | Gauntlet | Identified the +3 short sword of the Queen {venom, rElec}
 32384 | Gauntlet | Identified the ring of Bialaits {rPois rC+++ rCorr Str-5
                  | SInv}
 32385 | Gauntlet | Noticed a ghost moth
 32386 | Gauntlet | a ghost moth changed into an eight-headed hydra
 32442 | Gauntlet | Identified the ring of Xom's Whimsicality {rElec AC+4
                  | Int+3}
 32792 | D:14     | Found an iron altar of Okawaru.
 33472 | D:15     | Entered Level 15 of the Dungeon
 33979 | D:15     | Found a runed translucent gate.
 33979 | D:15     | Found a runed translucent gate.
 33979 | D:15     | Found a runed translucent gate.
 34010 | D:15     | Noticed Agnes
 34027 | D:15     | Killed Agnes
 34216 | D:15     | Identified the amulet "Obuec" {Reflect rC++ rN+ Dex+2 SH+5}
 34217 | D:15     | Noticed Epsin's ghost (journeyman MiFi)
 34268 | D:15     | Received a gift from Trog
 34269 | D:15     | Reached XP level 16. HP: 134/146 MP: 15/15
 34769 | D:15     | Found a staircase to the Depths.
 34889 | D:15     | Killed Epsin's ghost
 35351 | Orc:1    | Entered Level 1 of the Orcish Mines
 35531 | Orc:1    | Found a runed translucent door.
 36156 | Orc:2    | Entered Level 2 of the Orcish Mines
 36369 | Orc:2    | Found a staircase to the Elven Halls.
 36558 | Orc:1    | Received a gift from Trog
 36809 | Orc:2    | Found Abatrott's Armour Shoppe.
 36847 | Orc:2    | Found Misaihio's Book Boutique.
 37329 | Orc:2    | Found Jeyd's Magic Scroll Shoppe.
 37405 | Orc:2    | Bought a scroll of magic mapping for 56 gold pieces
 37405 | Orc:2    | Bought a scroll of identify for 32 gold pieces
 37405 | Orc:2    | Bought a scroll of identify for 32 gold pieces
 37412 | Orc:2    | Found Kuhegiwk's Armour Boutique.
 37678 | Depths:1 | Entered Level 1 of the Depths
 37822 | D:15     | Reached skill level 15 in Maces & Flails
 38086 | D:15     | Received a gift from Trog
 38544 | Snake:1  | Entered Level 1 of the Snake Pit
 39537 | Snake:1  | Found Qiac's Distillery.
 39689 | Snake:1  | Reached XP level 17. HP: 123/154 MP: 5/16
 39756 | Snake:1  | Bought a potion of heal wounds for 65 gold pieces
 40129 | Snake:2  | Found a large runed translucent door.
 40141 | Snake:2  | Found a large runed translucent door.
 40179 | Snake:2  | Received a gift from Trog
 40449 | Snake:2  | Reached skill level 15 in Armour
 40564 | Snake:2  | Reached skill level 15 in Fighting
 41504 | Snake:2  | Noticed MoonlitKnight's ghost (adept HOFi)
 41727 | Snake:2  | Found a runed translucent door.
 41728 | Snake:2  | Identified the +1 robe of the Armadillo {Int+2 SInv}
 42366 | Snake:2  | Reached skill level 15 in Crossbows
 42500 | Snake:3  | Identified the +2 cloak "Xageage" {rC+ rCorr}
 43505 | Snake:4  | Entered Level 4 of the Snake Pit
 43819 | Snake:4  | Received a gift from Trog
 45034 | Snake:4  | Identified the +7 spear "Ocluk" {protect, Will+++ Str-3}
 45630 | Snake:2  | Killed MoonlitKnight's ghost
 45722 | Snake:2  | Reached XP level 18. HP: 163/163 MP: 5/17
 46417 | Snake:4  | Found Duhah's Distillery.
 46421 | Snake:4  | Found Qiymmoe's Antique Weapon Shoppe.
 46422 | Snake:4  | Found Qegh's Book Emporium.
 46425 | Snake:4  | Bought a potion of flight for 42 gold pieces
 48137 | Snake:4  | Received a gift from Trog
 48961 | Snake:4  | Got a serpentine rune of Zot
 49269 | Shoals:1 | Entered Level 1 of the Shoals
 49480 | Shoals:1 | Noticed Josephine
 49494 | Shoals:1 | Killed Josephine
 50315 | Shoals:1 | Identified Roxanne's Grimoire of Changing
 50315 | Shoals:1 | Noticed Roxanne
 51070 | Snake:4  | Bought a potion of flight for 42 gold pieces
 51070 | Snake:4  | Bought a potion of resistance for 140 gold pieces
 51070 | Snake:4  | Bought a potion of flight for 42 gold pieces
 51315 | D:9      | Bought a scroll of magic mapping for 45 gold pieces
 51315 | D:9      | Bought a scroll of blinking for 97 gold pieces
 51315 | D:9      | Bought a potion of heal wounds for 65 gold pieces
 51426 | Orc:2    | Bought a scroll of brand weapon for 320 gold pieces
 51426 | Orc:2    | Bought a scroll of teleportation for 48 gold pieces
 51426 | Orc:2    | Bought a scroll of teleportation for 48 gold pieces
 51426 | Orc:2    | Bought a scroll of enchant armour for 120 gold pieces
 51662 | Shoals:2 | Received a gift from Trog
 51967 | Shoals:2 | Reached skill level 10 in Throwing
 52688 | Shoals:3 | Reached XP level 19. HP: 137/172 MP: 18/18
 52887 | Shoals:3 | Found Utoc's Antique Weapon Emporium.
 52928 | Shoals:3 | Bought a twisted demon whip for 680 gold pieces
 52928 | Shoals:3 | Identified the +10 demon whip "Oblivvai" {vorpal, rCorr
                  | Str+2} (You bought it in a shop on level 3 of the Shoals)
 54448 | Shoals:4 | Entered Level 4 of the Shoals
 54505 | Shoals:4 | Reached skill level 1 in Shields
 55188 | Shoals:4 | Found Vocunnu's General Store.
 55492 | Shoals:4 | Reached skill level 10 in Evocations
 55538 | Shoals:4 | Bought a potion of haste for 180 gold pieces
 55583 | Shoals:4 | Received a gift from Trog
 56325 | Shoals:4 | Got a barnacled rune of Zot
 56623 | Shoals:4 | Found the +4 robe of Folly {Brilliance Will-∞ Int+8}
 56997 | Elf:1    | Entered Level 1 of the Elven Halls
 57008 | Elf:1    | Reached skill level 5 in Shields
 57314 | Elf:1    | Found Dulos's Antique Armour Shop.
 57321 | Elf:1    | Bought a pair of glowing gloves for 255 gold pieces
 58739 | Elf:2    | Received a gift from Trog
 59155 | Elf:2    | Found a runed translucent gate.
 59155 | Elf:2    | Found a runed translucent gate.
 59155 | Elf:2    | Found a runed translucent gate.
 59613 | Elf:2    | Reached XP level 20. HP: 163/164 MP: 19/19
 60461 | Depths:1 | Found a gateway to a ziggurat.
 60929 | Depths:1 | Noticed Bai Suzhen
 60947 | Depths:1 | Killed Bai Suzhen
 61245 | Depths:1 | Found a gateway to Hell.
 61293 | Depths:1 | Found a corrupted altar of Lugonu.
 61293 | Depths:1 | Found a one-way gate to the infinite horrors of the Abyss.
 61448 | Vaults:1 | Entered Level 1 of the Vaults
 61456 | Vaults:1 | Received a gift from Trog
 61694 | Vaults:1 | Noticed Asterion
 61712 | Vaults:1 | Killed Asterion
 61892 | Vaults:1 | Acquired 922 gold pieces
 61948 | Vaults:1 | Identified the +2 flail of Equilibrium {vorpal, Will+
                  | Dex+2}
 63599 | Vaults:2 | Reached skill level 10 in Shields
 63958 | Vaults:2 | Found a staircase to the Crypt.
 63958 | Vaults:2 | Found an ancient bone altar of Kikubaaqudgha.
 63959 | Vaults:2 | Found a basalt altar of Yredelemnul.
 64075 | Vaults:2 | Reached ****** piety under Trog
 64198 | Vaults:2 | Received a gift from Trog
 64654 | Vaults:2 | Identified the +14 plate armour "Ylycoal" {Harm Regen+
                  | Str+3}
 64982 | Vaults:3 | Reached XP level 21. HP: 182/192 MP: 20/20
 65675 | Vaults:3 | Received a gift from Trog
 66007 | Vaults:3 | Noticed Mara
 66031 | Vaults:3 | Noticed wakim's illusion
 66032 | Vaults:3 | Killed Mara
 66068 | Vaults:3 | Noticed Margery
 66087 | Vaults:3 | Killed Margery
 66485 | Vaults:4 | Identified the +3 mace of Fundamental Breach {antimagic,
                  | Str+3} (Trog gifted it to you on level 4 of the Vaults)
 66485 | Vaults:4 | Received a gift from Trog
 67801 | Vaults:4 | Found a portal to a secret trove of treasure.
 67880 | Vaults:4 | Found Entepn's Armour Shop.
 67970 | Vaults:4 | Identified the +8 mace of Ankon {flame, Fly rPois Dex-4
                  | Stlth+} (Trog gifted it to you on level 4 of the Vaults)
 67970 | Vaults:4 | Received a gift from Trog
 68452 | Vaults:4 | Reached XP level 22. HP: 83/202 MP: 21/21
 68936 | Vaults:4 | Identified the ring "Forget-Me-Not" {rF+ rC+ SInv}
 69532 | Vaults:5 | Entered Level 5 of the Vaults
 70788 | Depths:2 | Paralysed by a floating eye for 3 turns
 71128 | Depths:2 | Reached skill level 15 in Throwing
 72011 | Depths:2 | Found Qouv's Jewellery Shoppe.
 72120 | Depths:2 | Received a gift from Trog
 72410 | Depths:2 | Identified the +1 robe of the Moon Troll {rCorr Dex+4}
 72532 | Depths:3 | Noticed a caustic shrike
 72534 | Depths:3 | Noticed a caustic shrike
 72535 | Depths:3 | Noticed a caustic shrike
 72562 | Depths:2 | Killed a caustic shrike
 72569 | Depths:2 | Killed a caustic shrike
 72802 | Depths:2 | Killed a caustic shrike
 73024 | Depths:3 | Paralysed by a vampire knight for 5 turns
 73138 | Depths:3 | Found a runed translucent gate.
 73138 | Depths:3 | Found a runed translucent gate.
 73138 | Depths:3 | Found a runed translucent gate.
 73139 | Depths:3 | Noticed Ubraesch's ghost (adept TrMo)
 73765 | Depths:3 | Reached skill level 15 in Shields
 74349 | Depths:3 | Found a one-way gate leading to the halls of Pandemonium.
 74525 | Depths:3 | Identified the +6 demon whip "Wafow" {vorpal, rElec Will+
                  | rCorr Stlth+} (Trog gifted it to you on level 3 of the
                  | Depths)
 74525 | Depths:3 | Received a gift from Trog
 74573 | Depths:3 | Reached XP level 23. HP: 209/209 MP: 22/22
 75112 | Depths:3 | Identified the +0 leather armour of Sif Muna's Generosity
                  | {rN+ Will++ rCorr Slay-6}
 75237 | Depths:3 | Killed Ubraesch's ghost
 75339 | Depths:3 | Identified the +7 trident of the Girdle {antimagic, rN++}
 75742 | Depths:4 | Noticed a caustic shrike
 75742 | Depths:4 | Noticed a caustic shrike
 75745 | Depths:4 | Noticed a caustic shrike
 75754 | Depths:4 | Killed a caustic shrike
 75760 | Depths:4 | Killed a caustic shrike
 75774 | Depths:4 | Killed a caustic shrike
 75975 | Depths:4 | Acquired the +5 demon whip "Spellbinder" {antimagic, Will+}
 75976 | Depths:4 | Found the +5 demon whip "Spellbinder" {antimagic, Will+}
 75994 | Depths:4 | Received a gift from Trog
 76975 | Depths:4 | Found a broken altar of Ashenzari.
 77181 | Depths:5 | Entered Level 5 of the Depths
 77503 | Depths:5 | Found Icistad's Antique Weapon Shop.
 77538 | Depths:5 | Found Pudwee's Magic Scroll Boutique.
 77547 | Depths:5 | Bought a scroll of fear for 73 gold pieces
 77547 | Depths:5 | Bought a scroll of fog for 42 gold pieces
 77547 | Depths:5 | Bought a scroll of fog for 42 gold pieces
 77547 | Depths:5 | Bought a scroll of magic mapping for 73 gold pieces
 78317 | Depths:5 | Found a gate to the Realm of Zot.
 78367 | Depths:5 | Received a gift from Trog
 78562 | Depths:5 | Reached XP level 24. HP: 183/220 MP: 22/22
 79056 | Elf:3    | Entered Level 3 of the Elven Halls
 79265 | Elf:3    | Cast into level 2 of the Abyss (a deep elf sorcerer)
 79632 | Abyss:2  | Paralysed by accursed screaming for 1 turns
 79720 | Elf:3    | Escaped the Abyss
 79763 | Elf:3    | Cast into level 3 of the Abyss (a deep elf sorcerer)
 80182 | Abyss:3  | Received a gift from Trog
 80388 | Abyss:3  | Paralysed by an air elemental for 1 turns
 80513 | Elf:3    | Escaped the Abyss
 80681 | Elf:3    | Paralysed by an air elemental for 1 turns
 80684 | Elf:3    | Paralysed by an air elemental for 1 turns
 80790 | Elf:3    | Identified the +8 halberd of the Lumpy Mouths {drain,
                  | +Blink Int+2 Dex+2}
 81077 | Elf:3    | Received a gift from Trog
 81157 | Elf:3    | Identified the +4 buckler of the Salamander {rCorr MP+9
                  | Dex-5 SInv}
 81159 | Elf:3    | Identified the quicksilver dragon scales of Midsummer {rC+
                  | Will+ rCorr}
 81175 | Elf:3    | Identified the +9 hunting sling "Uttah" {freeze, Fly rN+
                  | Int+4 Stlth+}
 81195 | Elf:3    | Acquired a manual of Maces & Flails
 81249 | Elf:3    | Found the +3 giant club "Skullcrusher" {speed, Str+7}
 83518 | Vaults:4 | You paid a toll of a +6 demon whip to enter a treasure
                  | trove
 83519 | Trove    | Entered a treasure trove
 83607 | Trove    | Identified the amulet of Reimbursement {Acrobat MP+9 Int+4}
 83610 | Trove    | Identified the amulet "Kaerchoe" {Faith rF+ Str+4 Int+3}
 83612 | Trove    | Identified the amulet of Eligeo {Acrobat rF+ rCorr SInv}
 83648 | Vaults:4 | Reached XP level 25. HP: 228/228 MP: 22/22
 83709 | Vaults:5 | Noticed a dread lich
 84045 | Vaults:4 | Killed a dread lich
 84364 | Vaults:4 | Reached XP level 26. HP: 190/238 MP: 22/22
 84476 | Vaults:4 | Received a gift from Trog
 85630 | Vaults:5 | Reached skill level 15 in Evocations
 85654 | Vaults:5 | Noticed a dread lich
 85832 | Vaults:4 | Killed a dread lich
 86293 | Vaults:5 | Identified the +9 morningstar of Tortfeasance {vorpal,
                  | *Slow rN++ Str+2 Stlth+} (Trog gifted it to you on level 5
                  | of the Vaults)
 86293 | Vaults:5 | Received a gift from Trog
 87212 | Vaults:5 | Identified the +0 plate armour of Kajyrata {Str+4}
 87326 | Vaults:5 | Identified the +1 chain mail of the Albatross {rElec rF-
                  | Int+3 Dex+3}
 87333 | Vaults:5 | Identified the +9 rapier of Intimidation {vorpal, rCorr}
 87356 | Vaults:5 | Got a silver rune of Zot
 87638 | Vaults:5 | Identified the +8 scale mail of Ugusogg {Int+5}
 87678 | Vaults:5 | Found the +6 lightning scales {swift, rElec}
 88120 | Zot:1    | Entered Level 1 of the Realm of Zot
 88552 | Zot:1    | Noticed a dread lich
 88618 | Depths:5 | Killed a dread lich
 88894 | Zot:1    | Reached XP level 27. HP: 208/248 MP: 22/22
 88973 | Zot:1    | Noticed an orb of fire
 89027 | Zot:1    | Gained mutation: You are weak. (Str -2) [an orb of fire]
 89034 | Zot:1    | Killed an orb of fire
 89034 | Zot:1    | Received a gift from Trog
 91259 | Zot:2    | Found a large runed translucent door.
 91260 | Zot:2    | Found a large runed translucent door.
 91989 | Shoals:1 | Killed Roxanne
 93384 | Zot:2    | Noticed reasonance's ghost (legendary DsFi)
 93497 | Zot:2    | Received a gift from Trog
 93937 | Zot:2    | Killed reasonance's ghost
 95078 | Zot:3    | Identified the +8 chain mail of Ryopn {Regen+ Int+2 Dex+4}
 95877 | Zot:4    | Noticed an orb of fire
 95895 | Zot:4    | Killed an orb of fire
 96044 | Zot:4    | Identified the +11 trident "Abbiazoc" {vorpal, Will+ Str+3
                  | SInv}
 96962 | Zot:4    | Identified the +3 morningstar "Jufaujicw" {flame, SInv}
                  | (Trog gifted it to you on level 4 of the Realm of Zot)
 96962 | Zot:4    | Received a gift from Trog
 98046 | Zot:5    | Entered Level 5 of the Realm of Zot
 98153 | Zot:5    | Identified the +0 robe "Nejiluefaz" {Str+3}
 98838 | Zot:5    | Noticed a dread lich
 98855 | Zot:5    | Killed a dread lich
 98857 | Zot:5    | Noticed an ancient lich
 98862 | Zot:5    | Noticed an orb of fire
 98864 | Zot:5    | Noticed a dread lich
 98876 | Zot:4    | Killed a dread lich
 99077 | Zot:5    | Noticed an orb of fire
 99093 | Zot:5    | Killed an orb of fire
 99163 | Zot:5    | Noticed an orb of fire
 99278 | Zot:5    | Gained mutation: Your flesh is cold resistant. (rC+) [an
                  | orb of fire]
 99285 | Zot:5    | Gained mutation: You are clumsy. (Dex -2) [an orb of fire]
 99288 | Zot:5    | Killed an orb of fire
 99300 | Zot:5    | Gained mutation: You are dopey. (Int -2) [an orb of fire]
 99301 | Zot:5    | Killed an orb of fire
 99354 | Zot:5    | Killed an ancient lich
 99475 | Zot:5    | Noticed an orb of fire
 99487 | Zot:5    | Killed an orb of fire
 99502 | Zot:5    | Noticed an ancient lich
 99518 | Zot:5    | Killed an ancient lich
 99621 | Zot:5    | Noticed an ancient lich
 99631 | Zot:5    | Noticed an orb of fire
 99643 | Zot:5    | Killed an orb of fire
 99658 | Zot:5    | Killed an ancient lich
100249 | Zot:5    | Found the +6 arbalest "Damnation" {damnation}
100268 | Zot:5    | Identified the +7 dagger of Butchery {venom, Str+3 Dex+2}
100485 | Zot:5    | Acquired a manual of Armour
101076 | Slime:1  | Entered Level 1 of the Pits of Slime
102143 | Slime:4  | Received a gift from Trog
102204 | Slime:4  | Reached skill level 15 in Dodging
102656 | Slime:2  | Gained mutation: You are occasionally teleported next to
                  | monsters. [a shining eye]
103275 | Slime:5  | Entered Level 5 of the Pits of Slime
103356 | Slime:5  | Found a viscous altar of Jiyva.
103356 | Slime:5  | Noticed the Royal Jelly
103473 | Slime:4  | Received a gift from Trog
106009 | Slime:5  | Killed the Royal Jelly
106594 | Slime:5  | Got a slimy rune of Zot
106605 | Slime:5  | Identified the ring of Rufeutaf {Fly rC++ rN+ Str-3 Int+2}
106647 | Slime:5  | Identified the +4 hand axe "Demonbane" {drain, Int+2}
106674 | Slime:5  | Identified the +7 whip of Xuffiyxesm {freeze, rC+ rN+
                  | Will-}
106680 | Slime:5  | Identified the ring "Meweh" {Wiz rN+ Int+3}
106685 | Slime:5  | Identified the +6 scimitar "Liomelut" {protect, Str+4 Int+8
                  | Dex-5}
107285 | Temple   | Entered the Ecumenical Temple
107315 | Temple   | Fell from the grace of Trog
107315 | Temple   | Became a worshipper of the Shining One
108050 | Crypt:1  | Entered Level 1 of the Crypt
108051 | Crypt:1  | Reached * piety under the Shining One
108069 | Vaults:2 | Reached skill level 1 in Invocations
108127 | Vaults:2 | Reached ** piety under the Shining One
108306 | Crypt:1  | Reached *** piety under the Shining One
108891 | Crypt:1  | Noticed Aizul
108901 | Crypt:1  | Killed Aizul
110850 | Crypt:1  | Reached skill level 5 in Invocations
111040 | Crypt:1  | Reached **** piety under the Shining One
111913 | Crypt:2  | Reached ***** piety under the Shining One
112393 | Crypt:2  | Reached ****** piety under the Shining One
113216 | Depths:5 | Identified a +6 sacred scourge of holy wrath (a +4 demon
                  | whip blessed by the Shining One)
113216 | Depths:5 | Received a gift from the Shining One
113702 | Crypt:3  | Entered Level 3 of the Crypt
113765 | Crypt:3  | Acquired a +0 pair of gloves of archery
114208 | Depths:5 | Bought a scroll of enchant armour for 157 gold pieces
114843 | Crypt:3  | Identified the ring of Zebealah {*Slow rF+ rN+ Str+3}
114964 | Crypt:3  | Found an ancient bone altar of Kikubaaqudgha.
115051 | Crypt:3  | Found a staircase to the Tomb.
115051 | Crypt:3  | Noticed Jory
115061 | Crypt:3  | Killed Jory
115091 | Crypt:3  | Identified the +4 helmet "Redeani" {Will+}
115117 | Crypt:3  | Identified the +1 leather armour "Kaema" {-Tele rPois
                  | Dex+4}
116973 | Crypt:3  | Identified the +2 dagger of Fimbulwinter {freeze, +Rage
                  | rF+++ rC- rCorr}
117227 | Crypt:3  | Reached skill level 10 in Invocations
118189 | Depths:1 | Voluntarily entered the Abyss.
118382 | Abyss:2  | Found a corrupted altar of Lugonu.
118526 | Abyss:3  | Found a corrupted altar of Lugonu.
120611 | Abyss:4  | Paralysed by accursed screaming for 2 turns
120621 | Abyss:4  | Paralysed by accursed screaming for 2 turns
120635 | Abyss:4  | Noticed a dread lich
120819 | Abyss:4  | Identified the +0 scale mail of Quckywn {Str+4 Int+4}
121617 | Abyss:4  | Got an abyssal rune of Zot
121633 | Abyss:4  | Reached skill level 15 in Invocations
121689 | Depths:1 | Escaped the Abyss
121791 | Hell     | Entered the Vestibule of Hell
121791 | Hell     | Noticed Geryon
121812 | Hell     | Killed Geryon
122141 | Hell     | Found a gateway to the freezing wastes of Cocytus.
122265 | Hell     | Found a gateway to the Iron City of Dis.
122335 | Hell     | Found a gateway to the ashen valley of Gehenna.
122418 | Hell     | Found a gateway to the decaying netherworld of Tartarus.
122474 | Tar:1    | Entered Level 1 of Tartarus
123001 | Tar:1    | Reached skill level 27 in Fighting
123920 | Tar:1    | Paralysed by Trog for 2 turns
124186 | Tar:2    | Was forgiven by Trog
126613 | Tar:3    | You fall into a shaft and drop 2 floors!
127040 | Tar:5    | Paralysed by a vampire knight for 4 turns
127546 | Tar:7    | Entered Level 7 of Tartarus
127636 | Tar:7    | Noticed a dread lich
127664 | Tar:7    | Killed a dread lich
128372 | Tar:7    | Identified the +1 chain mail "Ucwocu Dyla" {+Blink Will+
                  | Str-3 SInv}
128393 | Tar:7    | Identified the -4 pair of boots "Guol" {rF+ Int+4}
128638 | Tar:7    | Noticed Ereshkigal
128658 | Tar:7    | Paralysed by Ereshkigal for 6 turns
128702 | Tar:7    | Killed Ereshkigal
129020 | Tar:7    | Got a bone rune of Zot
129641 | D:11     | Bought 2 potions of curing for 216 gold pieces
129641 | D:11     | Bought a potion of heal wounds for 180 gold pieces
129885 | Geh:1    | Entered Level 1 of Gehenna
130066 | Geh:1    | Reached skill level 27 in Armour
130641 | Geh:2    | Reached skill level 27 in Maces & Flails
130728 | Geh:2    | Reached skill level 27 in Shields
132350 | Geh:7    | Entered Level 7 of Gehenna
133501 | Geh:7    | Found the +7 sceptre of Asmodeus
133501 | Geh:7    | Identified the +10 shadow dragon scales of Witehoel {rN+
                  | Dex+3 Slay-3 Stlth++++}
133501 | Geh:7    | Noticed Asmodeus
133583 | Geh:7    | Killed Asmodeus
133647 | Geh:7    | Identified the +1 leather armour of a ziggurat {rElec rPois
                  | Dex-5 SInv}
133681 | Geh:7    | Got an obsidian rune of Zot
133876 | Dis:1    | Entered Level 1 of the Iron City of Dis
135031 | Dis:4    | Reached skill level 27 in Dodging
135573 | Dis:7    | Entered Level 7 of the Iron City of Dis
136286 | Dis:7    | Gained mutation: Armour fits poorly on your strangely
                  | shaped body. [a cacodemon]
136329 | Dis:7    | Cast into level 2 of the Abyss (reaper)
136378 | Dis:7    | Escaped the Abyss
136896 | Dis:7    | Found the amulet of Vitality {Regen+ HP+15}
136928 | Dis:7    | Got the Tome of Shape Shifting and Lightness
137061 | Dis:7    | Identified the +0 chain mail of the Morning {rC- Dex+4
                  | Slay+4 SInv}
137199 | Dis:7    | Gained mutation: You sometimes lose the ability to read
                  | scrolls when taking damage. [a cacodemon]
137444 | Dis:7    | Found the +4 staff of Dispater
137444 | Dis:7    | Noticed Dispater
137473 | Dis:7    | Killed Dispater
137545 | Dis:7    | Got an iron rune of Zot
137828 | Coc:1    | Entered Level 1 of Cocytus
140266 | Coc:7    | Entered Level 7 of Cocytus
141708 | Coc:7    | Got Aqetz's Tome of Beguiling
141774 | Coc:7    | Noticed Antaeus
141837 | Coc:7    | Identified the +10 tower shield "Xim Roor" {Will+}
141856 | Coc:7    | Killed Antaeus
141880 | Coc:7    | Got an icy rune of Zot
141883 | Coc:7    | Identified the ring of the Salamander {Fly Int+4}
142075 | Depths:1 | Lost mutation: Armour fits poorly on your strangely shaped
                  | body. [potion of mutation]
142075 | Depths:1 | Lost mutation: You are clumsy. (Dex -2) [potion of
                  | mutation]
142075 | Depths:1 | Gained mutation: You expend magic power (3 MP) to
                  | strengthen your wands. [potion of mutation]
142076 | Depths:1 | Lost mutation: You are occasionally teleported next to
                  | monsters. [potion of mutation]
142076 | Depths:1 | Lost mutation: You are weak. (Str -2) [potion of mutation]
142076 | Depths:1 | Lost mutation: You are dopey. (Int -2) [potion of mutation]
142076 | Depths:1 | Gained mutation: Your muscles are strong. (Str +2) [potion
                  | of mutation]
142077 | Depths:1 | Lost mutation: You sometimes lose the ability to read
                  | scrolls when taking damage. [potion of mutation]
142077 | Depths:1 | Gained mutation: Your magical capacity is low. (-10% MP)
                  | [potion of mutation]
142077 | Depths:1 | Gained mutation: You possess an exceptional clarity of
                  | mind. [potion of mutation]
142760 | Tomb:1   | Entered Level 1 of the Tomb of the Ancients
143479 | Tomb:1   | Noticed a royal mummy
143486 | Tomb:1   | Killed a royal mummy
144039 | Tomb:1   | Noticed a royal mummy
144052 | Tomb:1   | Killed a royal mummy
144588 | Tomb:2   | Noticed a royal mummy
144588 | Tomb:2   | Noticed a royal mummy
144589 | Tomb:2   | Noticed a royal mummy
144592 | Tomb:2   | Noticed a royal mummy
144598 | Tomb:2   | Killed a royal mummy
144604 | Tomb:2   | Killed a royal mummy
144606 | Tomb:2   | Killed a royal mummy
144607 | Tomb:2   | Killed a royal mummy
145348 | Tomb:1   | Noticed a royal mummy
145348 | Tomb:1   | Noticed a royal mummy
145348 | Tomb:1   | Noticed a royal mummy
145348 | Tomb:1   | Noticed a royal mummy
145352 | Tomb:1   | Killed a royal mummy
145353 | Tomb:1   | Killed a royal mummy
145354 | Tomb:1   | Killed a royal mummy
145354 | Tomb:1   | Killed a royal mummy
145354 | Tomb:1   | Noticed a royal mummy
145356 | Tomb:1   | Noticed a royal mummy
145863 | Tomb:1   | Noticed a royal mummy
145871 | Tomb:1   | Killed a royal mummy
145884 | Tomb:1   | Killed a royal mummy
145884 | Tomb:1   | Killed a royal mummy
146311 | Tomb:1   | Noticed a royal mummy
146342 | Tomb:1   | Noticed a royal mummy
146905 | Tomb:1   | Killed a royal mummy
146911 | Tomb:1   | Noticed a royal mummy
146912 | Tomb:1   | Noticed a royal mummy
146923 | Tomb:1   | Killed a royal mummy
146926 | Tomb:1   | Killed a royal mummy
146926 | Tomb:1   | Killed a royal mummy
147351 | Tomb:1   | Noticed a royal mummy
147384 | Tomb:1   | Killed a royal mummy
147810 | Tomb:1   | Noticed a royal mummy
147836 | Tomb:1   | Killed a royal mummy
147923 | Tomb:1   | Noticed a royal mummy
147925 | Tomb:1   | Noticed a royal mummy
147926 | Tomb:1   | Killed a royal mummy
147943 | Tomb:1   | Killed a royal mummy
148981 | Tomb:3   | Entered Level 3 of the Tomb of the Ancients
148982 | Tomb:3   | Noticed a royal mummy
148982 | Tomb:3   | Noticed a royal mummy
148998 | Tomb:3   | Noticed Sojobo
149023 | Tomb:3   | Killed Sojobo
149024 | Tomb:3   | Reached skill level 27 in Invocations
149030 | Tomb:3   | Killed a royal mummy
149056 | Tomb:3   | Noticed a royal mummy
149060 | Tomb:3   | Killed a royal mummy
149064 | Tomb:3   | Noticed a royal mummy
149064 | Tomb:3   | Noticed a royal mummy
149633 | Tomb:2   | Killed a royal mummy
149835 | Tomb:3   | Noticed a royal mummy
150221 | Tomb:3   | Noticed a royal mummy
150228 | Tomb:3   | Noticed a royal mummy
150229 | Tomb:3   | Noticed a royal mummy
150235 | Tomb:3   | HP: 10/273 [royal mummy/divine providence (11)]
150238 | Tomb:3   | Killed a royal mummy
150239 | Tomb:3   | Killed a royal mummy
150241 | Tomb:3   | Killed a royal mummy
150242 | Tomb:3   | Killed a royal mummy
150245 | Tomb:3   | Killed from afar by an ancient champion

Illustrated notes

Levels and vault maps discovered:
D:1:      roderic_crossed_star, layout_loops_corners,
          ebering_ecumenical_altar_box, wad_floor_pattern_1
D:2:      layout_rooms, minivault_5, uniq_sigmund
D:3:      layout_rooms, ebering_ghost_disaster_area
D:4:      minmay_opposing_rooms, layout_cave_pools, grunt_decor_clamped,
          minmay_joined_circles, uniq_pikel
D:5:      layout_loops_ring, kennysheep_pointless_box, kennysheep_doodads,
          serial_bayou_pond_b
D:6:      layout_basic, gammafunk_ghost_smash
D:7:      layout_basic, minmay_temple_entry_mist, nicolae_shop_overcharged_wands
D:8:      layout_gridville, nicolae_ru_path_of_blood, uniq_psyche
D:9:      layout_long_grid, serial_bayou, serial_bayou_crossing,
          serial_bayou_pond_a, serial_bayou_pond_c, serial_bayou_lagoon_a,
          serial_shops, nicolae_stop_n_shop_1
D:10:     layout_irregular_city, nicolae_take_the_stairs, uniq_nergalle,
          uniq_fannar
D:11:     layout_basic, david_lair_shrubbed, zombieorc2_lemuel, serial_shops,
          shop, nicolae_uskayaw_murder_on_the_dancefloor
D:12:     wad_cavern_with_rooms, layout_irregular_city, amethyst_killhole
D:13:     layout_basic, erik_vaults_1, minmay_pinched_square
D:14:     layout_stronghold, okawaru_trees_1, gauntlet_entry_generic,
          lemuel_flamethrower_3, uniq_louise
D:15:     grunt_enter_depths_magical_seal, layout_irregular_city,
          chequers_arboretum, maelrawn_ghost_gauntlet_escape,
          minmay_misc_feat_more_columns, uniq_agnes
Temple:   regret_index_temple_sigil_plot
Lair:1:   layout_cellular_growth, ebering_ghost_rock_garden, basic_altar,
          grunt_megastairs_5, lemuel_fruit_fields, serial_bayou_shore_a
Lair:2:   layout_long_grid, chequers_serial_rivers_small_b, grunt_megastairs_4
Lair:3:   layout_cave_pods, guppyfry_snake_entry_garden,
          infiniplex_staircase_pool, serial_bayou_shore_b,
          minmay_lair_oklob_chamber, lemuel_fruit_tree, lemuel_fruit_fields
Lair:4:   dpeg_oklob_gauntlet, layout_big_grid,
          minmay_shoals_entry_lonely_mermaid, lemuel_old_faithful
Lair:5:   layout_loops_ring, slime_altar_1
Lair:6:   wormcave, layout_regular_city, hangedman_lair_in_review,
          minmay_lindwurm_lava
Shoals:1: layout_shoals, uniq_josephine, uniq_roxanne
Shoals:2: layout_shoals, nzn_prometheus_bound
Shoals:3: layout_shoals, serial_shops, nicolae_shop_trees
Shoals:4: shoals_end_grunt_ice, layout_shoals, serial_shops, shop
Snake:1:  layout_rooms, serial_shops, shop, grunt_megastairs_3
Snake:2:  cheibrodos_toxic_ritual, layout_layer_cave,
          ebering_ghost_disaster_area, nicolae_coiled_stairwell_up,
          serial_bayou_shore_b
Snake:3:  layout_rooms, nicolae_snake_slithery_corners
Snake:4:  snake_pit, layout_cave_town, serial_bayou_lake_a, minmay_shop_star
Slime:1:  layout_caves
Slime:2:  layout_caves
Slime:3:  layout_caves, cheibrodos_slime_lost_civilization_5
Slime:4:  layout_caves
Slime:5
Orc:1:    layout_diamond_mine, basic_altar, lightli_church_of_beogh
Orc:2:    st_orc_town, layout_caves
Elf:1:    nicolae_elf_arrival_fired_up, layout_onion_city, serial_shops, shop
Elf:2:    elven_hall_of_blades_hangedman_original [nicolae_blade_little_rooms],
          layout_loops_ring
Elf:3:    minmay_elf_hall_dome, layout_geoelf_octagon,
          nicolae_elf_free_trip_to_the_abyss
Vaults:1: grunt_vaults_hallway_short, vaults_dpeg_hooks, v_misc_24, v_misc_31,
          vaults_room_semicircle, vaults_room_door_ring,
          nicolae_vaults_mini_display_case, v_pattern_1, layout_vaults_omnigrid,
          uniq_asterion
Vaults:2: vaults_room_boxed, v_alt_pattern_2, minmay_crypt_entry_necro_gods,
          hangedman_vaults_stagger, hangedman_vaults_restitches, v_pattern_5,
          nicolae_vaults_what_the_h, grunt_vaults_focal, vaults_mumra_chevron,
          layout_vaults_maze_bifur
Vaults:3: vaults_room_grid, special_room_vaults [special_room_orc],
          v_alt_pattern_1, vaults_mumra_minichess, ontoclasm_vaults_hangar,
          ontoclasm_vaults_chip, v_pattern_4, ontoclasm_vaults_spin,
          nicolae_vaults_diagonal_hallway_9, grunt_vaults_hallway_long,
          layout_vaults_omnibox, uniq_margery, uniq_mara
Vaults:4: ontoclasm_vaults_hangar, v_misc_16, special_room_vaults
          [special_room_orc], v_rooms_3, nicolae_vaults_stairing_the_circle,
          hangedman_vaults_capsules, v_rooms_5, hangedman_vaults_hat,
          vaults_dpeg_encased_lava, nicolae_vaults_rhombus_5,
          nicolae_vaults_alarming, layout_vaults_ring,
          nicolae_trove_entry_crystal, serial_shops, shop
Vaults:5
Crypt:1:  layout_gridlike, minmay_misc_feat_alley, evilmike_ambush
          [evilmike_ambush_outer_corners, evilmike_ambush_inner_pond],
          uniq_aizul
Crypt:2:  layout_misc_corridors, st_stairs_7, grunt_ministairs_4
Crypt:3:  grunt_crypt_end_deaths_head
Tomb:1
Tomb:2
Tomb:3:   uniq_sojobo
Depths:1: layout_cave_pools, enter_ziggurat_f, pf_coc_iceberg,
          abyss_entry_flame_altar, grunt_decor_mini_mirrors, skrybe_limestone_x,
          item_on_display_a, uniq_bai_suzhen
Depths:2: kennysheep_room_grid, layout_gridlike, hell_entry, serial_shops,
          nicolae_shop_trees
Depths:3: grunt_bruiser_brothers, layout_gridville, hangedman_geh_valley,
          gammafunk_ghost_split, grunt_pan_entry_spiral
Depths:4: minmay_containers, layout_basic, minmay_misc_feat_hallway, hell_entry,
          abyss_entry_crystal, nicolae_ashenzari_skybound
Depths:5: grunt_zot_entry_funnels, layout_gridlike, abyss_entry,
          grunt_metal_band, corexii_leaking_fountain, minmay_shoptagon,
          uniq_jory
Hell
Dis:1:    layout_jigsaw
Dis:2:    layout_gridville
Dis:3:    layout_jigsaw
Dis:4:    layout_overlapping_boxes, nicolae_dis_strange_trophy_room
Dis:5:    layout_gridville
Dis:6:    layout_overlapping_boxes
Dis:7:    dis_st
Geh:1:    layout_gehenna_pools_basic
Geh:2:    layout_gehenna_lava_caves
Geh:3:    layout_gehenna_pools_box
Geh:4:    layout_gehenna_pools_triple, hangedman_elemental_grid_stream
Geh:5:    layout_gehenna_pools_triple
Geh:6:    layout_gehenna_pools_triple, lemuel_elevator
Geh:7:    geh_grunt_pentagon
Coc:1:    layout_cocytus_water_paths
Coc:2:    layout_cocytus_water_paths
Coc:3:    layout_ice_bergs
Coc:4:    layout_cocytus_water_paths
Coc:5:    layout_ice_bergs
Coc:6:    layout_cocytus_water_paths
Coc:7:    coc_grunt
Tar:1:    layout_grid_maze
Tar:2:    layout_catacombs, evilmike_ambush [evilmike_ambush_outer_pillars,
          evilmike_ambush_inner_basic]
Tar:3:    layout_grid_maze, nicolae_tar_cuneiform_three
Tar:5:    layout_honeycomb
Tar:6:    layout_cathedral_of_symmetry
Tar:7:    tar_old
Zot:1:    layout_misc_corridors, hangedman_snap_crack_crunch, grunt_megastairs_2
Zot:2:    layout_onion_interference, ebering_ghost_disaster_area,
          grunt_megastairs_1
Zot:3:    layout_onion_interference
Zot:4:    layout_misc_corridors, hangedman_zot_spectrum
Zot:5:    layout_twisted_circle

Skill      XL: |  1  2  3  4  5  6  7  8  9 10 11 12 13 14 15 16 17 18 19 20 21 22 23 24 25 26 27 |
---------------+----------------------------------------------------------------------------------+-----
Maces & Flails | 4 5 7 9 11 13 14 15 17 18 19 20 21 22 27 | 27.0
Fighting       | 4 5 6 7 8 9 10 11 12 13 14 15 16 17 18 19 20 27 | 27.0
Armour         | 3 4 5 6 8 9 10 11 12 13 14 15 16 17 18 19 20 27 | 27.0
Dodging        | 3 4 5 6 7 8 9 10 11 12 14 27 | 27.0
Evocations     | 1 4 6 7 8 9 10 11 12 13 14 15 25 | 25.1
Throwing       | 4 5 6 7 9 10 11 12 14 16 17 18 22 | 22.0
Bows           | 1 5 |  5.3
Crossbows      | 3 8 11 14 15 16 | 16.1
Shields        | 7 10 13 15 17 18 19 22 27 | 27.0
Invocations    | 27 | 27.0

Action                   |  1- 3 |  4- 6 |  7- 9 | 10-12 | 13-15 | 16-18 | 19-21 | 22-24 | 25-27 || total
-------------------------+-------+-------+-------+-------+-------+-------+-------+-------+-------++-------
Melee: Mace              |    45 |    71 |     2 |       |       |       |       |       |       ||   118
       Headbutt          |     5 |    12 |    52 |   141 |   328 |   551 |   545 |   669 |  3857 ||  6160
       Whip              |       |       |   216 |    99 |       |       |       |       |       ||   315
       Dire flail        |       |       |       |   419 |   993 |  1699 |       |       |       ||  3111
       Great mace        |       |       |       |       |       |   123 |    58 |       |       ||   181
       Demon whip        |       |       |       |       |       |       |  1628 |  1923 |  2927 ||  6478
       Sacred scourge    |       |       |       |       |       |       |       |       |  7988 ||  7988
       Eveningstar       |       |       |       |       |       |       |       |       |   552 ||   552
 Fire: Longbow           |       |       |       |    44 |       |       |       |       |       ||    44
       Shortbow          |       |       |       |    39 |   117 |       |       |       |       ||   156
       Arbalest          |       |       |       |       |       |    91 |    18 |       |       ||   109
Throw: Boomerang         |       |       |       |    18 |     6 |       |    46 |    28 |     2 ||   100
       Dart              |       |       |       |     2 |     1 |       |       |       |     2 ||     5
       Javelin           |       |       |       |       |       |       |     3 |    15 |    68 ||    86
Invok: Berserk           |     2 |     3 |     5 |    11 |     9 |    25 |     6 |     4 |    15 ||    80
       Trog's Hand       |       |       |     1 |     6 |     7 |    19 |    16 |    28 |    36 ||   113
       Brothers in Arms  |       |       |       |       |     2 |     3 |     4 |       |     1 ||    10
       Cleansing Flame   |       |       |       |       |       |       |       |       |    93 ||    93
       Divine Shield     |       |       |       |       |       |       |       |       |    36 ||    36
       Summon Divine War |       |       |       |       |       |       |       |       |     4 ||     4
       Brand Weapon With |       |       |       |       |       |       |       |       |     1 ||     1
Evoke: Wand              |       |       |       |     3 |       |       |       |     2 |     7 ||    12
       Tin of tremorston |       |       |       |       |       |     1 |     1 |     1 |     4 ||     7
       Condenser vane    |       |       |       |       |       |     1 |     1 |     1 |     3 ||     6
       Lightning rod     |       |       |       |       |       |       |       |       |     3 ||     3
  Use: Scroll            |     1 |     8 |     2 |     9 |    17 |    11 |     2 |     4 |    36 ||    90
       Potion            |       |       |       |       |     3 |     3 |     1 |     2 |    27 ||    36
 Stab: Sleeping          |     1 |       |       |       |       |       |       |       |       ||     1
       Paralysed         |       |       |       |     4 |       |       |       |       |     3 ||     7
       Confused          |       |       |       |       |       |       |     5 |       |       ||     5
       Distracted        |       |       |       |       |       |       |     1 |     2 |       ||     3
Armor: Animal skin       |     6 |       |       |       |       |       |       |       |       ||     6
       Leather armour    |       |    21 |    56 |    69 |       |       |       |       |       ||   146
       Plate armour      |       |       |       |   146 |   393 |       |       |       |       ||   539
       Gold dragon scale |       |       |       |       |   193 |  1157 |   904 |   641 |  3133 ||  6028
Dodge: Dodged            |    23 |    38 |   103 |   216 |   457 |  1192 |   790 |   420 |  2645 ||  5884
Block: Buckler           |       |       |       |       |       |       |   395 |   240 |       ||   635
       Reflection        |       |       |       |       |       |       |    22 |    64 |   186 ||   272
       Tower shield      |       |       |       |       |       |       |       |  1430 | 15905 || 17335
